 Dungeon Crawl Stone Soup version 0.31.0-9-g3a7656b989 (webtiles) character file.

Game seed: 16933498785361795462

60 qw the Shooter (level 3, -2/18 HPs)
             Began as a Spriggan Hunter on Feb 2, 2024.
             Slain by a cerulean imp
             ... wielding a +2 spear
             ... summoned by Natasha
              (6 damage)
             ... on level 2 of the Dungeon.
             The game lasted 00:00:04 (1279 turns).

qw the Shooter (Spriggan Hunter)                    Turns: 1279, Time: 00:00:04

Health: -2/18      AC:  2    Str:  7    XL:     3   Next: 82%
Magic:  4/4        EV: 19    Int: 10    God:
Gold:   36         SH:  0    Dex: 20    Spells: 2/2 levels left

rFire   . . .        a - +0 shortbow
rCold   . . .        (shield currently unavailable)
rNeg    . . .        c - +0 robe
rPois   .            (helmet restricted)
rElec   .            (no cloak)
rCorr   .            (gloves unavailable)
SInv    +            (boots unavailable)
Will    .....        (no amulet)
Stlth   ++           (no ring)
HPRegen 0.23/turn    (no ring)
MPRegen 0.09/turn

%: no passive effects
@: slowed, quick
A: very small, no large weapons, unfitting armour, see invisible, speed 3
a: no special abilities


You were on level 2 of the Dungeon.
You visited 1 branch of the dungeon, and saw 2 of its levels.

You collected 36 gold pieces.


Innate Abilities, Weirdness & Mutations

You are very small and have problems with some larger weapons.
You are too small for most types of armour.
You have supernaturally acute eyesight. (SInv)
You cover ground extremely quickly. (Speed+++)


   Skills:
 - Level 1.5 Fighting
 - Level 5.0 Ranged Weapons
 + Level 4.1 Dodging
 - Level 1.5 Stealth


You had 2 spell levels left.
You didn't know any spells.
Your spell library was empty.

Inventory:

Hand Weapons
 a - a +0 shortbow (weapon)
Armour
 c - a +0 robe (worn)
Scrolls
 d - a scroll of torment {unknown}
 f - 2 scrolls of enchant armour
Potions
 b - 3 potions of heal wounds {unknown}
 e - a potion of brilliance {unknown}

Dungeon Overview and Level Annotations

Branches:
Dungeon (2/15)

Altars:

Shops:
D:2 (

Annotations:
D:2 Natasha


Message History

Found an escape hatch in the ceiling.
You shoot an arrow. The arrow hits the quokka.
You kill the quokka!
You see here a +0 ring mail.
You see here a +0 ring mail.
Natasha, Servant of Life and Death comes into view.
You shoot an arrow. The arrow hits Natasha.
Natasha hisses angrily.
Natasha is lightly wounded.
You shoot an arrow. The arrow closely misses Natasha.
You shoot an arrow. The arrow barely misses Natasha.
Natasha stares at you and mumbles some strange words.
You feel yourself slow down.
You shoot an arrow.
The arrow hits Natasha but does no damage.
Natasha is lightly wounded.
Natasha barely misses you.
You shoot an arrow. The arrow closely misses Natasha.
Natasha barely misses you. Natasha misses you.
You shoot an arrow. The arrow hits Natasha!
Natasha is heavily wounded.
Natasha closely misses you. Natasha claws you.
You shoot an arrow. The arrow closely misses Natasha.
Natasha barely misses you. Natasha misses you.
You shoot an arrow. The arrow hits Natasha.
Natasha is severely wounded.
Natasha claws you.
You shoot an arrow.
The arrow hits Natasha but does no damage.
Natasha is severely wounded.
Natasha mumbles some strange words.
Natasha closely misses you.
You shoot an arrow. The arrow hits Natasha.
Natasha is almost dead.
Natasha claws you. The cerulean imp barely misses you.
Natasha casts a spell at you. The magic dart hits you.
You shoot an arrow. The arrow closely misses Natasha.
The cerulean imp hits you with a +2 spear.
You die...

#
#.#.....[.....#
#.#####.......#
#.# #.#.....#
#.# #.#<....#
..# ##.#.....#
..# #..#...>.#
..# #.##..%..#
##.########
#@5# #.h##
..?.## #....
...... .......
.$.....


PP.PPPP You could see Natasha and a cerulean imp (summoned).

Vanquished Creatures
  3 adders
  A dart slug (D:1)
  3 endoplasms
  A giant cockroach (D:1)
  4 goblins
  3 hobgoblins (D:1)
  3 quokkas
  4 ball pythons
  3 bats (D:1)
  3 frilled lizards
  2 kobolds (D:1)
  3 rats (D:1)
33 creatures vanquished.

Notes
Turn   | Place    | Note
-------+----------+-------------------------------------------
     0 | D:1      | qw the Spriggan Hunter began the quest for the Orb.
     0 | D:1      | Reached XP level 1. HP: 10/10 MP: 2/2
     0 | D:1      | 0 ||| qw: Version: 0.3-a-155-g5e7d8dd
     0 | D:1      | 0 ||| qw: Game counter: 2426
     0 | D:1      | 0 ||| qw: Melee chars always use a shield: true
     0 | D:1      | 0 ||| qw: God list: Okawaru
     0 | D:1      | 0 ||| qw: Allow faded altars: false
     0 | D:1      | 0 ||| qw: Do Orc after clearing Dungeon:15 true
     0 | D:1      | 0 ||| qw: Do second Lair branch before Depths: true
     0 | D:1      | 0 ||| qw: Lair rune preference: random
     0 | D:1      | 0 ||| qw: Goals: Normal
     0 | D:1      | 0 ||| PLANNING D:1-11
   115 | D:1      | Reached skill level 3 in Dodging
   273 | D:1      | Reached XP level 2. HP: 14/14 MP: 3/3
   838 | D:1      | 838 ||| READING 3 scrolls labelled PEFFOSOINU.
   839 | D:1      | 839 ||| READING 3 scrolls labelled DUWAGY YZOAGYMN.
   839 | D:1      | 839 ||| ENCHANTING +0 shortbow.
   840 | D:1      | 840 ||| READING scroll labelled HIXIQOUZAL.
   843 | D:1      | 843 ||| DROPPING scroll of butterflies.
   844 | D:1      | 844 ||| DROPPING 2 scrolls of poison.
   865 | D:2      | 865 ||| STAIRDANCE
   876 | D:1      | Reached XP level 3. HP: 6/18 MP: 4/4
   877 | D:1      | HP: 4/18 [poisoned by an adder]
   938 | D:2      | 938 ||| STAIRDANCE
  1000 | D:2      | 1000 ||| STAIRDANCE
  1011 | D:1      | HP: 4/18 [adder (1)]
  1014 | D:1      | HP: 1/18 [poisoned by an adder]
  1089 | D:2      | 1089 ||| STAIRDANCE
  1211 | D:2      | Found Fianliun's Antique Weapon Boutique.
  1218 | D:2      | Reached skill level 5 in Ranged Weapons
  1226 | D:2      | 1226 ||| SHOPLISTING fine orcbow (204 gold, have 36).
  1268 | D:2      | Noticed Natasha
  1278 | D:2      | HP: 3/18 [Natasha/magic dart (5)]
  1279 | D:2      | Slain by a cerulean imp

Levels and vault maps discovered:
D:1:      mrwooster_arrival_arrow, layout_loops_corners
D:2:      layout_rooms, serial_shops, nicolae_shop_tiny_waterfront,
          grunt_ministairs_2, minmay_hedge_maze, columned_hall_lemuel,
          minmay_pentomino_o4, uniq_natasha, uniq_crazy_yiuf_cottage

Skill      XL: |  1  2  3 |
---------------+----------+-----
Dodging        | 3 4 |  4.1
Ranged Weapons | 5 |  5.0
Fighting       | |  1.5
Stealth        | |  1.5

Action                     || total
---------------------------++-------
   Fire: Shortbow          ||   116
    Use: Scroll            ||     3
 Armour: Robe              ||    26
  Dodge: Dodged            ||    65

Table legend:
 A = Non-vault XP
 B = Vault XP
 C = Vault XP percentage of total XP
 D = Non-vault monster count
 E = Vault monster count
 F = Vault count percentage of total count
                 A         B        C        D         E       F
            +---------+---------+-------+---------+---------+-------
      Total |      55 |      32 |  36.8 |      26 |       7 |  21.2
            +---------+---------+-------+---------+---------+-------
        D:1 |      44 |      17 |  27.9 |      20 |       4 |  16.7
        D:2 |      11 |      15 |  57.7 |       6 |       3 |  33.3
            +---------+---------+-------+---------+---------+-------
